 Dungeon Crawl Stone Soup version 0.31-b1-17-gcfd88c8481 (webtiles) character file.

Game seed: 16238903310707822974

121 hawla the Scratcher (level 4, -2/22 HPs)
             Began as a Felid Shapeshifter on Jan 15, 2024.
             Slain by a goblin
             ... wielding a +0 club
             ... led by Robin
              (7 damage)
             ... on level 3 of the Dungeon.
             The game lasted 00:03:20 (1511 turns).

hawla the Scratcher (Felid Shapeshifter)            Turns: 1511, Time: 00:03:22

Health: -2/22      AC:  1    Str: 12    XL:     4   Next: 77%
Magic:  5/5        EV: 17    Int: 14    God:
Gold:   127        SH:  0    Dex: 15    Spells: 3/3 levels left
                                        Lives:  0   Deaths: 2

rFire   . .          .
                       - Unarmed
rCold   . . .        (shield unavailable)
rNeg    . . .        (body armour unavailable)
rPois   .            (helmet unavailable)
rElec   .            (cloak unavailable)
rCorr   .            (gloves unavailable)
SInv    +            (boots unavailable)
Will    .....        (no amulet)
Stlth   ++           (no ring)
HPRegen 0.23/turn    (no ring)
MPRegen 0.09/turn

%: no passive effects
@: beast-form
A: beast (slay +2), very small, claws 1, fangs 3, see invisible, shaggy fur 1,
stealthy paws, no weapons or thrown items, no armour, multi-lived
a: Begin Untransformation


You were on level 3 of the Dungeon.
You were a hulking beast.
You visited 1 branch of the dungeon, and saw 3 of its levels.

You collected 127 gold pieces.

Inventory:

Talismans
 b - a beast talisman
 c - a flux talisman
Scrolls
 d - a scroll of revelation {unknown}
 e - a scroll of identify {unknown}
 f - a scroll of silence {unknown}
 i - a scroll of teleportation
Potions
 a - a potion of lignification
 g - a potion of attraction {unknown}
 h - a potion of curing {unknown}


   Skills:
 + Level 1.2 Fighting
 + Level 3.2 Dodging
 - Level 1.0 Stealth
 + Level 4.0 Unarmed Combat
 * Level 3.8 Shapeshifting


You had 3 spell levels left.
You didn't know any spells.
Your spell library was empty.

Dungeon Overview and Level Annotations

Branches:
Dungeon (3/15)

Altars:
Wu Jian

Shops:
D:1 [

Annotations:
D:3 Robin


Innate Abilities, Weirdness & Mutations

You are a hulking beast.
Your limbs bulge with bestial killing power. (Slay +2)
You have sharp claws.
You have razor-sharp teeth.
You have supernaturally acute eyesight. (SInv)
You are covered in fur. (AC +1)
Your paws help you pounce on unaware monsters.
You are incapable of wielding weapons or throwing items.
You cannot wear armour.
You gain extra lives every three experience levels.


Message History

A goblin comes into view. It is wielding a +0 dagger.
The goblin misses you.
A goblin comes into view. It is wielding a +0 dagger.
The goblin shouts!
A rat comes into view.
The hobgoblin attacks as it pursues you!
The hobgoblin misses you. The goblin attacks as it pursues you!
The goblin hits you with a +0 club.
A goblin comes into view. It is wielding a +0 club.
You scratch the goblin.
You kill the goblin!
Robin throws the goblin at you! The goblin barely misses you.
The rat twitches its whiskers.
You scratch the goblin. You bite the goblin.
You kill the goblin!
The goblin closely misses you.
You scratch the goblin.
You kill the goblin!
A goblin comes into view. It is wielding a +0 club.
You scratch the hobgoblin.
The hobgoblin is almost dead.
The hobgoblin closely misses you.
You scratch the hobgoblin.
You kill the hobgoblin!
You scratch Robin but do no damage. You bite Robin, but do no damage.
Robin throws the goblin at you! The goblin misses you.
You scratch Robin. Your bite misses Robin.
Robin is moderately wounded.
Robin barely misses you. The goblin misses you.
You barely miss Robin. You bite Robin.
Robin is severely wounded.
Robin throws the goblin at you! The goblin closely misses you.
The goblin hits you with a +0 club.
You scratch Robin.
Robin is almost dead.
Robin throws the goblin at you! The goblin misses you.
The goblin hits you with a +0 dagger.
* * * LOW HITPOINT WARNING * * *
The goblin hits you with a +0 club!
You die...

####....##.# #.#
####.##.###########.#
#)##.............#
#.##.#############
#....# #.#### #.####
#gg..# #gh###### #
+##gK...# .###
#..gg.......
######....#...g.##....#
#.........#.....# ...#
#.......##..≈≈... ...
####.......##..≈≈....
g.
...'..............._. .
####†.....###.........


You could see Robin, 6 goblins and a kobold.

Vanquished Creatures
  4 gnolls (D:2)
  2 adders
  A ribbon worm (D:3)
  3 orcs (D:3)
  3 ball pythons
  2 endoplasms
  9 goblins
  4 hobgoblins
  4 jackals (D:1)
  7 kobolds
  A quokka (D:2)
  10 bats
  2 frilled lizards (D:2)
  6 rats
58 creatures vanquished.

Notes
Turn   | Place    | Note
-------+----------+-------------------------------------------
     0 | D:1      | hawla the Felid Shapeshifter began the quest for the Orb.
     0 | D:1      | Reached XP level 1. HP: 10/10 MP: 2/2
   184 | D:1      | Reached XP level 2. HP: 14/14 MP: 3/3
   394 | D:1      | Found Rijash's Armour Emporium.
   511 | D:2      | Found an ornate altar of the Wu Jian Council.
   598 | D:2      | Reached XP level 3. HP: 16/18 MP: 4/4
   767 | D:2      | You fall into a shaft and drop 1 floor!
   955 | D:2      | Reached skill level 1 in Stealth
   962 | D:2      | Reached XP level 4. HP: 8/22 MP: 5/5
   962 | D:2      | Gained a life (2 lives remaining)
  1317 | D:3      | HP: 1/22 [orc priest/divine providence (15)]
  1319 | D:3      | Slain by an orc priest
  1319 | D:3      | Lost a life (1 life remaining)
  1373 | D:3      | Slain by an orc priest
  1373 | D:3      | Lost a life (0 lives remaining)
  1469 | D:3      | Reached skill level 4 in Unarmed Combat
  1497 | D:3      | Noticed Robin
  1498 | D:3      | Found an ornate altar of the Wu Jian Council.
  1511 | D:3      | Slain by a goblin

Illustrated notes

Levels and vault maps discovered:
D:1:      ncdulo_halloftheorcs, layout_basic, serial_shops, shop,
          glass_columns_a
D:2:      layout_rooms, basic_altar, kennysheep_crisscross
D:3:      layout_basic, nicolae_wu_jian_wuxing_cycle, uniq_grinder, uniq_robin

Skill      XL: |  1  2  3  4 |
---------------+-------------+-----
Shapeshifting  | 3 |  3.8
Dodging        | 3 |  3.2
Stealth        | 1 |  1.0
Unarmed Combat | 4 |  4.0
Fighting       | |  1.2

Action                     |  1- 3 |  4- 6 || total
---------------------------+-------+-------++-------
  Melee: Unarmed           |    82 |    42 ||   124
         Bite              |     4 |     6 ||    10
    Use: Scroll            |     3 |       ||     3
         Potion            |       |     2 ||     2
   Stab: Distracted        |     1 |       ||     1
         Sleeping          |     1 |       ||     1
 Armour: Skin              |    21 |    15 ||    36
  Dodge: Dodged            |    59 |    38 ||    97
